Map: Whirlwind LE (Void)

Players

soO - Winner!

  • Race: Zerg Zerg
  • Spawn Location: 5:00

Trust

  • Race: Protoss Protoss
  • Spawn Location: 1:00

Event: IEM Season 11 - Gyeonggi

VOD

Have the link to the VOD?

Description

Time

  • Played on: Dec. 13, 2016, 9:30 p.m.
  • Length: 12:42

All games in this series

Show
View Real Time Build Order
Export as new Build Order

soO Zerg - Winner!

Build Orders: Hatch First 

Get SALT Encoding   

  12  0:00  Drone  
  13  0:12  Overlord  
  13  0:17  Drone  
  14  0:30  Drone x2  
  14  0:34  Drone  
  17  0:51  Hatchery  
  17  0:53  Drone  
  17  0:57  Drone  
  18  1:07  Extractor  
  17  1:12  Spawning Pool  
  17  1:15  Drone  
  17  1:18  Drone  
  18  1:27  Drone  
  19  1:38  Drone  
  20  1:50  Drone  
  21  1:59  Overlord  
  21  2:03  Drone  
  21  2:04  Queen  
  24  2:10  Hatchery  
  24  2:11  Drone  
  24  2:16  Metabolic Boost  
  24  2:20  Drone  
  25  2:24  Drone  
  26  2:31  Queen  
  29  2:37  Drone, Zergling x2  
  29  2:39  Drone  
  31  2:47  Drone x2  
  33  2:54  Drone  
  33  2:56  Overlord  
  34  3:05  Drone  
  35  3:07  Drone  
  36  3:16  Zergling x2  
  36  3:17  Drone x3  
  40  3:21  Spore Crawler  
  40  3:22  Drone, Queen  
  40  3:24  Queen  
  44  3:27  Zergling x2  
  44  3:28  Spore Crawler  
  44  3:32  Zergling x2  
  45  3:36  Drone  
  45  3:38  Drone  
  45  3:40  Spore Crawler  
  45  3:41  Drone x2  
  48  3:44  Overlord  
  48  3:48  Drone x2  
  50  3:52  Overlord  
  50  4:03  Drone x4  
  50  4:06  Overlord  
  53  4:10  Drone x2  
  53  4:11  Baneling Nest  
  53  4:13  Drone  
  55  4:18  Drone x3  
  55  4:23  Evolution Chamber  
  56  4:26  Zergling x8  
  59  4:34  Zergling x14  
  59  4:38  Drone  
  67  4:39  Drone  
  67  4:41  Extractor  
  67  4:43  Overlord  
  67  4:48  Drone  
  67  4:50  Zerg Melee Weapons Level 1, Overlord  
  68  4:55  Drone  
  68  4:58  Overlord  
  69  5:03  Drone  
  69  5:04  Drone  
  71  5:08  Drone x3  
  71  5:09  Overlord  
  71  5:10  Drone x2  
  71  5:11  Lair  
  71  5:12  Zergling x2  
  71  5:13  Zergling x4  
  78  5:24  Drone x3  
  78  5:28  Zergling x4  
  78  5:35  Drone x4  
  80  5:36  Drone x3  
  80  5:37  Drone  
  80  5:38  Extractor  
  80  5:39  Extractor  
  80  5:40  Overlord  
  84  5:42  Drone  
  84  5:43  Drone x3  
  84  5:47  Drone  
  84  5:48  Drone  
  89  5:55  Zergling x2  
  88  5:59  Zergling x4  
  88  6:04  Zergling x2  
  81  6:07  Zergling x2  
  81  6:08  Zergling x6  
  78  6:14  Zergling x6  
  78  6:15  Zergling x4  
  74  6:21  Zergling x6  
  74  6:24  Spire  
  71  6:25  Zergling x4  
  68  6:37  Zergling x6  
  68  6:38  Drone  
  72  6:45  Drone  
  67  6:47  Zergling x2  
  67  6:51  Drone  
  62  6:58  Drone x2  
  62  7:00  Drone  
  64  7:06  Drone  
  65  7:09  Drone  
  65  7:11  Drone  
  67  7:17  Drone  
  67  7:19  Hatchery  
  67  7:25  Overseer  
  67  7:33  Drone x5  
  71  7:39  Drone x4, Centrifical Hooks  
  71  7:40  Zerg Melee Weapons Level 2  
  75  7:46  Drone  
  75  7:47  Drone  
  75  7:50  Extractor  
  76  7:53  Drone x3  
  76  7:54  Overlord  
  79  8:04  Drone x2  
  79  8:05  Drone x2  
  83  8:06  Hydralisk Den  
  83  8:09  Zergling x4  
  84  8:14  Zergling x2  
  84  8:16  Hatchery  
  84  8:20  Overseer  
  84  8:25  Drone  
  84  8:31  Drone  
  84  8:32  Drone x2  
  84  8:33  Zergling x10  
  92  8:35  Hydralisk x2, Muscular Augments  
  92  8:36  Hydralisk x2  
  92  8:39  Hydralisk  
  102  8:42  Hydralisk x3  
  102  8:43  Hydralisk  
  102  8:48  Overlord  
  110  8:52  Overlord x3, Extractor  
  109  8:55  Overlord  
  109  8:57  Overlord  
  109  9:00  Overlord x2  
  109  9:02  Overlord  
  109  9:06  Hydralisk  
  111  9:10  Overlord  
  111  9:11  Hydralisk  
  111  9:12  Hydralisk x3  
  119  9:19  Hydralisk  
  119  9:20  Hydralisk x3  
  127  9:30  Hydralisk x4  
  134  9:38  Baneling x3  
  134  9:39  Drone, Baneling x5  
  134  9:40  Drone x2  
  134  9:41  Drone  
  134  9:43  Drone  
  134  9:44  Drone  
  140  9:50  Zergling x2  
  140  9:51  Zergling x8  
  144  9:58  Drone x6  
  150  10:04  Zerg Ground Armor Level 1  
  150  10:06  Zergling x4  
  152  10:07  Baneling x5  
  152  10:13  Baneling x10  
  147  10:24  Zergling x2  
  147  10:25  Zergling x18  
  156  10:30  Drone x3  
  156  10:32  Zergling x8  
  156  10:33  Baneling x2  
  156  10:34  Baneling  
  163  10:36  Zergling x4  
  163  10:37  Zergling x2  
  163  10:42  Zergling x12  
  172  10:57  Zergling x16  
  175  11:17  Zergling x12  
  181  11:19  Overlord x2  
  181  11:21  Overlord  
  181  11:36  Baneling  
  181  11:37  Baneling x22  
  181  11:38  Hatchery  
  181  11:39  Zergling x36  
  199  11:40  Zergling x2  
  199  11:47  Baneling x11  
  199  11:48  Baneling x12  
  199  11:50  Zergling x2  
  200  12:00  Baneling x5  
  200  12:01  Baneling x10  
  176  12:22  Zergling x12  
  163  12:23  Zergling x22  
Show
View Real Time Build Order
Export as new Build Order

Trust Protoss 

Build Orders: 1 Gate Expand, Oracle Opening 

Get SALT Encoding   

  12  0:00  Probe (Chrono Boost)  
  13  0:11  Probe (Chrono Boost)  
  14  0:20  Pylon  
  14  0:22  Probe (Chrono Boost)  
  15  0:38  Probe (Chrono Boost)  
  15  0:40  Gateway  
  16  0:44  Assimilator  
  16  0:48  Probe (Chrono Boost)  
  17  0:59  Probe (Chrono Boost)  
  18  1:09  Probe (Chrono Boost)  
  19  1:22  Probe (Chrono Boost)  
  20  1:26  Nexus  
  20  1:37  Cybernetics Core  
  20  1:40  Probe (Chrono Boost)  
  21  1:47  Assimilator  
  21  1:51  Probe (Chrono Boost)  
  22  1:57  Pylon  
  22  2:02  Probe (Chrono Boost)  
  23  2:15  Probe (Chrono Boost)  
  24  2:16  Stargate  
  24  2:18  Adept (Chrono Boost)  
  26  2:26  Warp Gate  
  26  2:27  Probe  
  27  2:37  Probe (Chrono Boost)  
  27  2:39  Probe (Chrono Boost)  
  29  2:49  Probe (Chrono Boost)  
  29  2:50  Twilight Council  
  30  2:51  Probe (Chrono Boost)  
  31  2:59  Probe (Chrono Boost)  
  31  3:02  Probe (Chrono Boost)  
  33  3:09  Pylon  
  33  3:11  Oracle (Chrono Boost)  
  33  3:12  Probe  
  36  3:13  Probe  
  36  3:17  Adept  
  40  3:22  Probe  
  40  3:24  Resonating Glaives (Chrono Boost)  
  40  3:25  Probe  
  42  3:31  Gateway  
  42  3:39  Gateway  
  42  3:42  Gateway  
  42  3:49  Probe (Chrono Boost)  
  42  3:50  Probe (Chrono Boost), Assimilator  
  44  3:57  Robotics Facility  
  44  4:01  Probe (Chrono Boost)  
  46  4:03  Probe (Chrono Boost), Pylon  
  46  4:13  Probe (Chrono Boost)  
  46  4:15  Probe (Chrono Boost)  
  48  4:23  Probe (Chrono Boost)  
  49  4:29  Nexus  
  49  4:31  Pylon  
  46  4:42  Adept x4  
  54  4:46  Warp Prism (Chrono Boost)  
  56  4:58  Pylon  
  59  5:03  Adept  
  59  5:05  Adept x3  
  64  5:12  Mothership Core  
  64  5:13  Probe  
  64  5:14  Pylon  
  67  5:28  Adept x4  
  69  5:33  Probe x2  
  69  5:41  Observer (Chrono Boost)  
  68  5:46  Forge  
  68  5:50  Adept x3  
  68  5:51  Assimilator  
  68  5:57  Adept x4  
  70  5:58  Probe x2  
  70  6:03  Immortal (Chrono Boost)  
  78  6:05  Pylon  
  68  6:21  Adept x2  
  68  6:22  Adept x2  
  68  6:23  Probe  
  68  6:24  Probe x2  
  77  6:35  Probe  
  77  6:36  Probe  
  77  6:37  Probe, Blink  
  77  6:38  Immortal (Chrono Boost)  
  80  6:52  Probe x2  
  78  6:58  Phoenix (Chrono Boost)  
  78  6:59  Stargate  
  78  7:00  Protoss Ground Weapons Level 1 (Chrono Boost)  
  74  7:03  Probe  
  74  7:04  Probe x2  
  74  7:08  Pylon  
  77  7:17  Adept  
  77  7:18  Adept x3  
  77  7:22  Phoenix (Chrono Boost)  
  87  7:35  Probe  
  87  7:36  Probe x2  
  84  7:38  Assimilator  
  84  7:39  Assimilator, Pylon  
  84  7:40  Photon Cannon  
  84  7:43  Phoenix x2 (Chrono Boost)  
  88  7:49  Gateway  
  88  7:51  Gateway  
  88  7:53  Photon Cannon  
  88  7:57  Probe, Pylon  
  89  7:58  Probe x2  
  89  8:05  Phoenix x2 (Chrono Boost)  
  95  8:12  Gateway  
  95  8:15  Gateway  
  95  8:26  Stalker x4  
  103  8:38  Pylon  
  103  8:42  Pylon  
  103  8:45  Sentry  
  105  8:50  Templar Archives  
  105  8:56  Immortal  
  105  8:57  Stalker  
  105  8:58  Stalker x4  
  119  9:04  Pylon  
  119  9:12  Stalker x3  
  125  9:21  Gateway  
  125  9:23  Gateway  
  125  9:34  Adept x2  
  125  9:35  Adept x3  
  125  9:37  Stalker x2  
  139  9:56  Immortal  
  135  10:00  High Templar x4  
  135  10:02  Robotics Facility  
  135  10:04  Archon  
  135  10:05  Archon  
  135  10:06  Nexus  
  147  10:08  Pylon  
  143  10:29  High Templar  
  143  10:30  Immortal, High Templar, Adept x4  
  143  10:34  Archon  
  159  10:42  Sentry  
  159  10:43  Adept x2  
  165  10:52  Pylon  
  165  10:53  Pylon  
  165  10:54  Pylon  
  165  10:57  Psionic Storm  
  165  11:05  Photon Cannon  
  165  11:06  Immortal  
  169  11:12  High Templar  
  169  11:13  High Templar  
  172  11:27  Pylon  
  172  11:29  Pylon  
  172  11:30  Photon Cannon  
  172  11:31  Pylon  
  172  11:35  Nexus  
  172  11:43  Pylon  
  172  11:45  Pylon  
  172  11:49  Assimilator  
  172  11:51  High Templar x2, Adept x4  
  172  11:52  Adept x3  
  172  11:53  Assimilator  
  190  11:57  Pylon  
  190  12:02  Photon Cannon  
  190  12:05  Photon Cannon, High Templar  
  192  12:11  Archon x2  
  162  12:19  Adept x2  
  126  12:23  Adept x4  
  82  12:31  Adept x2  

Tags
 
Add a new tag
Caveats
  • Supply blocks, unpowered buildings, or Contaminate may cause inaccurate times.
  • Supply counts are checked every 10 seconds.